 Dungeon Crawl Stone Soup version 0.19.0-22-gd96e5fe (webtiles) character file.

33495 vev the Severer (level 13, -4/116 HPs)
             Began as a Minotaur Gladiator on Nov 19, 2016.
             Was a High Priest of Makhleb.
             Slain by a death yak (7 damage)
             ... on level 5 of the Lair of Beasts.
             The game lasted 00:28:11 (17922 turns).

vev the Severer (Minotaur Gladiator)               Turns: 17922, Time: 00:28:12

Health: -4/116     AC: 18    Str: 21    XL:     13   Next: 37%
Magic:  29/29      EV: 18    Int:  1    God:    Makhleb [*****.]
Gold:   1160       SH:  0    Dex: 16    Spells: 0 memorised, 12 levels left

rFire  . . .     SeeInvis .     X - +2 battleaxe (flame)
rCold  . . .     Gourm    +     o - +3 ring mail of the Garden {MP+9 Int-5 Dex+2}
rNeg   . . .     Faith    .     (shield currently unavailable)
rPois  .         Spirit   .     l - +2 hat
rElec  .         Reflect  .     N - +2 cloak
rCorr  .         Harm     .     w - +2 pair of gloves
MR     .....                    (no boots)
Stlth  ..........               t - amulet of the gourmand
                                z - ring of loudness
                                J - ring of flight

@: no status effects
A: retaliatory headbutt, horns 2, mutation resistance 1
a: Minor Destruction, Lesser Servant of Makhleb, Major Destruction, Greater
Servant of Makhleb, Renounce Religion, Evoke Flight


You were on level 5 of the Lair of Beasts.
You worshipped Makhleb.
Makhleb was extremely pleased with you.
You were completely stuffed.

You visited 3 branches of the dungeon, and saw 19 of its levels.

You collected 1160 gold pieces.

Inventory:

Hand Weapons
 a - a +0 war axe
 X - a +2 battleaxe of flaming (weapon)
Missiles
 d - 4 throwing nets (quivered)
Armour
 l - a +2 hat (worn)
 o - the +3 ring mail of the Garden (worn) {MP+9 Int-5 Dex+2}
   (You found it on level 6 of the Dungeon)

   It affects your intelligence (-5).
   It affects your dexterity (+2).
   It affects your magic capacity (+9).
 w - a +2 pair of gloves (worn)
 F - a +0 large shield
 N - a +2 cloak (worn)
Jewellery
 q - an uncursed ring of resist corrosion
 t - an amulet of the gourmand (around neck)
 z - a ring of loudness (right hand)
 J - a ring of flight (left hand)
 M - an uncursed ring of fire
Wands
 g - a wand of disintegration (10/24)
 G - a wand of disintegration (9/24)
 H - a wand of digging (12/24)
 I - a wand of confusion (15/48)
 S - a wand of digging (10/24)
 U - a wand of teleportation (1/9)
Scrolls
 c - a scroll of torment {unknown}
 e - 7 scrolls of teleportation {unknown}
 h - 2 scrolls of immolation
 i - 4 scrolls of identify
 u - a scroll of amnesia {unknown}
 B - 8 scrolls of remove curse
 D - 4 scrolls of blinking
 E - 3 scrolls of enchant armour
 R - a scroll of fear {unknown}
 W - 2 scrolls of recharging
Potions
 j - 4 potions of resistance
 k - 2 potions of lignification
 p - 6 potions of curing
 r - a potion of agility
 A - 4 potions of heal wounds
 C - 2 potions of cancellation
 O - 3 potions of invisibility
 Q - a potion of brilliance
Miscellaneous
 b - a phial of floods
Comestibles
 f - 7 bread rations
 m - 12 royal jellies
 n - 4 beef jerkies
 s - 8 meat rations
 K - 6 slices of pizza
 L - 31 fruits


   Skills:
 + Level 11.5 Fighting
 * Level 16.0 Axes
 - Level 2.0 Throwing
 - Level 8.0 Armour
 + Level 10.8 Dodging
 * Level 11.1 Invocations


You had 12 spell levels left.
You didn't know any spells.

Dungeon Overview and Level Annotations

Branches:
Dungeon (13/15)            Temple (1/1) D:7            Lair (5/6) D:8
 Shoals (0/4) Lair:3       Spider (0/4) Lair:3          Orc (0/2) D:9
  Slime: Lair:5-6    Vaults: D:13-14

Altars:
Ashenzari
Cheibriados
Dithmenos
Elyvilon
Fedhas
Gozag
Hepliaklqana
Kikubaaqudgha
Makhleb
Nemelex Xobeh
Okawaru
Qazlal
Ru
Sif Muna
Trog
Uskayaw
Vehumet
Xom
Yredelemnul
Zin
The Shining One

Portals:
Trove: D:11 (give 19 scrolls of identify)
Volcano: Lair:5

Annotations:
D:8 exclusion: 2 doors
D:11 exclusion: orange crystal statue


Innate Abilities, Weirdness & Mutations

You reflexively headbutt those who attack you in melee.
You have a pair of horns on your head.
You are somewhat resistant to further mutation.


Message History

* * * LOW HITPOINT WARNING * * *
Unknown command.
Unknown command.
You barely miss the death yak.
The death yak is almost dead.
You completely miss the death yak. You hit the death yak but do no damage.
The death yak closely misses you. You furiously retaliate!
You headbutt the death yak! The death yak closely misses you.
You furiously retaliate!
You headbutt the death yak, but do no damage.
Unknown command.
Unknown command.
Unknown command.
You hit the death yak. You burn the death yak.
The death yak is almost dead.
You hit the death yak. You burn the death yak. You slash the death yak!
You burn the death yak. The death yak gores you!!
* * * LOW HITPOINT WARNING * * *
The death yak gores you!
You die...

...## ....... .....
.........
#...#......... #.
#...#.......
..###....#.....
............P#
>..8....Y8#.P#
........Y@Y..#
..##...####.# #...#
##....# #...
####....## ...
##......## ...
..8......########
##∩#
......##..##.#.P###
≈≈##
#.>.#.#...........#
#≈§#
.####.............#
#.§#


You could see 3 death yaks.

Vanquished Creatures
  Kirke (D:12)
  Snorg (D:13)
  Josephine (D:11)
  4 hydras
  The ghost of mmcf the Grappler, a novice TrMo (D:8)
  Erica (D:8)
  A death yak (Lair:5)
  Nergalle (D:11)
  2 unseen horrors
  2 hill giants
  Pikel (D:5)
  An ugly thing (D:8)
  A black mamba (Lair:4)
  A manticore (D:12)
  Joseph (D:7)
  A siren (Lair:3)
  Maurice (D:8)
  4 spiny frogs
  A rime drake (Lair:4)
  2 trolls (D:11)
  4 hornets
  A polar bear (Lair:5)
  A slime creature (D:11)
  4 blink frogs (Lair:2)
  2 hippogriffs
  2 redbacks (Lair:3)
  A spriggan (Lair:3)
  5 wraiths
  13 yaks
  3 wyverns
  2 basilisks
  5 hogs (D:12)
  A hungry ghost (D:7)
  4 vampire mosquitoes (D:13)
  2 soldier ants (D:9)
  6 water moccasins
  4 porcupines
  6 orc warriors
  4 sky beasts
  An eye of draining (D:12)
  2 ice beasts
  A black bear (D:9)
  4 phantoms
  5 ogres
  8 centaurs
  11 wolves
  20 crocodiles
  8 bullfrogs
  5 scorpions
  12 killer bees
  12 wights
  An electric eel (Lair:2)
  5 crimson imps
  A howler monkey (D:4)
  3 centaur zombies (D:5)
  8 orc priests
  A gnoll shaman (D:8)
  6 hounds
  3 centaur skeletons
  A bullfrog skeleton (D:13)
  8 iguanas
  9 worker ants
  13 orc wizards
  A killer bee zombie (D:5)
  A hound zombie (D:10)
  A howler monkey zombie (D:10)
  8 gnolls
  4 adders
  A howler monkey skeleton (D:11)
  A shadow imp (D:7)
  2 adder skeletons
  3 adder zombies
  3 worms
  16 leopard geckos
  60 orcs
  A ball python (D:2)
  5 giant cockroaches
  8 goblins
  3 hobgoblins
  17 jackals
  8 kobolds
  6 quokkas
  7 bats
  11 frilled lizards
  A jackal zombie (D:6)
  A leopard gecko zombie (D:5)
  5 rats
  3 fungi
424 creatures vanquished.

Vanquished Creatures (collateral kills)
  Rupert (D:13)
  An ugly thing (D:12)
2 creatures vanquished.

Vanquished Creatures (others)
  2 slaves (D:5)
  An orc priest (D:5)
  An orc (D:5)
  2 fungi (Lair:4)
6 creatures vanquished.

Grand Total: 432 creatures vanquished

Notes
Turn   | Place    | Note
-------+----------+-------------------------------------------
     0 | D:1      | vev the Minotaur Gladiator began the quest for the Orb.
     0 | D:1      | Reached XP level 1. HP: 18/18 MP: 0/0
   160 | D:1      | Reached skill level 1 in Armour
   160 | D:1      | Reached XP level 2. HP: 19/25 MP: 1/1
   482 | D:1      | Reached skill level 4 in Axes
   752 | D:2      | Reached XP level 3. HP: 19/30 MP: 2/2
   752 | D:2      | Reached skill level 3 in Fighting
   988 | D:2      | Found an opulent altar of Gozag.
  1606 | D:3      | Reached XP level 4. HP: 37/38 MP: 3/3
  1653 | D:3      | Reached skill level 5 in Axes
  1796 | D:3      | Reached skill level 2 in Armour
  1823 | D:3      | Reached skill level 4 in Dodging
  1831 | D:3      | Reached XP level 5. HP: 45/45 MP: 4/4
  2270 | D:4      | Found a blossoming altar of Fedhas.
  2311 | D:4      | Reached skill level 4 in Fighting
  2311 | D:4      | Reached skill level 6 in Axes
  2311 | D:4      | Reached XP level 6. HP: 42/52 MP: 5/5
  2370 | D:4      | Reached skill level 3 in Armour
  2426 | D:4      | Found a basalt altar of Yredelemnul.
  2426 | D:4      | Found a sacrificial altar of Ru.
  2434 | D:4      | Found a radiant altar of Vehumet.
  2437 | D:4      | Found a deep blue altar of Sif Muna.
  2438 | D:4      | Found a shattered altar of Ashenzari.
  2546 | D:4      | Found a glowing silver altar of Zin.
  2743 | D:5      | Entered Level 5 of the Dungeon
  2859 | D:5      | Reached XP level 7. HP: 25/60 MP: 6/6
  3087 | D:5      | Reached skill level 7 in Axes
  3091 | D:5      | Gained mutation: You are surrounded by a mild repulsion field. (EV +2) [mutagenic meat]
  3092 | D:5      | Gained mutation: Your magical capacity is low. (-10% MP) [mutagenic meat]
  3093 | D:5      | Gained mutation: Your mind is acute. (Int +2) [mutagenic meat]
  3094 | D:5      | Gained mutation: Armour fits poorly on your strangely shaped body. [mutagenic meat]
  3139 | D:5      | Found a snail-covered altar of Cheibriados.
  3184 | D:5      | Reached skill level 5 in Fighting
  3184 | D:5      | Reached skill level 5 in Dodging
  3545 | D:5      | Noticed Pikel
  3570 | D:5      | Killed Pikel
  3570 | D:5      | Reached skill level 8 in Axes
  3570 | D:5      | Reached skill level 4 in Armour
  3570 | D:5      | Reached XP level 8. HP: 42/70 MP: 6/6
  3670 | D:5      | Reached skill level 5 in Armour
  3743 | D:5      | Found a shattered altar of Ashenzari.
  3792 | D:5      | Reached skill level 6 in Fighting
  3792 | D:5      | Reached skill level 9 in Axes
  3826 | D:5      | Reached skill level 6 in Dodging
  4012 | D:5      | Lost mutation: Your magical capacity is low. (-10% MP) [potion of cure mutation]
  4012 | D:5      | Lost mutation: Your mind is acute. (Int +2) [potion of cure mutation]
  4012 | D:5      | Lost mutation: You are surrounded by a mild repulsion field. (EV +2) [potion of cure mutation]
  4012 | D:5      | Lost mutation: Armour fits poorly on your strangely shaped body. [potion of cure mutation]
  4013 | D:5      | Gained mutation: You are somewhat resistant to further mutation. [potion of mutation]
  4364 | D:6      | Got a distressingly furry ring mail
  4375 | D:6      | Identified the +3 ring mail of the Garden {MP+9 Int-5 Dex+2} (You found it on level 6 of the Dungeon)
  4375 | D:6      | Lost intelligence.
  5008 | D:7      | Found a snail-covered altar of Cheibriados.
  5017 | D:7      | Reached skill level 10 in Axes
  5017 | D:7      | Reached skill level 6 in Armour
  5017 | D:7      | Reached XP level 9. HP: 58/78 MP: 8/8
  5027 | D:7      | Reached skill level 7 in Fighting
  5163 | D:7      | Found a staircase to the Ecumenical Temple.
  5275 | Temple   | Entered the Ecumenical Temple
  5399 | Temple   | Became a worshipper of Makhleb the Destroyer
  5522 | D:7      | Found a shadowy altar of Dithmenos.
  5580 | D:7      | Found a hide-covered altar of Uskayaw.
  5581 | D:7      | Noticed Joseph
  5597 | D:7      | Killed Joseph
  5597 | D:7      | Reached skill level 7 in Dodging
  5597 | D:7      | Reached skill level 1 in Invocations
  5698 | D:7      | Found a stormy altar of Qazlal.
  5813 | D:7      | Reached skill level 2 in Invocations
  5920 | D:7      | Reached skill level 11 in Axes
  5921 | D:7      | Reached skill level 7 in Armour
  6220 | D:8      | Noticed a cyan ugly thing
  6224 | D:8      | Noticed Maurice
  6248 | D:8      | Killed a cyan ugly thing
  6248 | D:8      | Reached skill level 3 in Invocations
  6248 | D:8      | Reached XP level 10. HP: 88/88 MP: 11/11
  6250 | D:8      | Killed Maurice
  6352 | D:8      | Found a staircase to the Lair.
  6368 | D:8      | Reached * piety under Makhleb
  6446 | D:8      | Reached skill level 8 in Fighting
  6485 | D:8      | Found a bloodstained altar of Trog.
  6627 | D:8      | Noticed Erica
  6658 | D:8      | Killed Erica
  6658 | D:8      | Reached skill level 4 in Invocations
  6818 | D:8      | Noticed mmcf's ghost (novice TrMo)
  6847 | D:8      | Killed mmcf's ghost
  6847 | D:8      | Reached skill level 8 in Dodging
  7126 | D:8      | Reached skill level 5 in Invocations
  7139 | D:8      | Reached skill level 12 in Axes
  7365 | D:9      | Noticed a death knight
  7642 | D:9      | Reached skill level 8 in Armour
  7697 | D:9      | Reached ** piety under Makhleb
  8312 | D:10     | Entered Level 10 of the Dungeon
  8626 | D:10     | Noticed a centaur warrior
  8626 | D:10     | Noticed a brown ugly thing
  8656 | D:10     | Noticed a centaur warrior
  9107 | D:9      | Reached skill level 6 in Invocations
  9129 | D:9      | Reached XP level 11. HP: 60/95 MP: 14/14
  9365 | D:9      | Found a staircase to the Orcish Mines.
  9559 | D:9      | Reached skill level 9 in Fighting
 10330 | D:10     | Killed an unseen horror
 10330 | D:10     | Reached skill level 7 in Invocations
 10363 | D:10     | Reached skill level 13 in Axes
 10546 | D:10     | Reached *** piety under Makhleb
 10819 | D:11     | Noticed a six-headed hydra
 10831 | D:11     | Noticed a hill giant
 11041 | D:11     | Identified Muin's Grimoire of the Shifting Escort
 11071 | D:11     | Found a portal to a secret trove of treasure.
 11237 | D:12     | Noticed Josephine
 11238 | D:12     | Noticed a cyan ugly thing
 11447 | D:11     | Noticed a hill giant
 11464 | D:11     | Killed a hill giant
 11472 | D:11     | Reached skill level 9 in Dodging
 11891 | D:11     | Noticed an orange crystal statue
 11940 | D:10     | Killed a hill giant
 11940 | D:10     | Reached skill level 8 in Invocations
 12404 | D:12     | Noticed Nergalle
 12417 | D:11     | Killed Josephine
 12417 | D:11     | Reached skill level 10 in Fighting
 13025 | D:11     | Killed Nergalle
 13025 | D:11     | Reached XP level 12. HP: 93/106 MP: 17/17
 13082 | D:12     | Reached skill level 14 in Axes
 13290 | D:12     | Noticed a four-headed hydra
 13299 | D:12     | Killed a four-headed hydra
 13505 | D:12     | Reached skill level 9 in Invocations
 13649 | D:12     | Reached **** piety under Makhleb
 14021 | D:12     | Noticed Kirke
 14128 | D:12     | Killed Kirke
 14547 | D:13     | Noticed Snorg
 14578 | D:13     | Killed Snorg
 14578 | D:13     | Reached skill level 10 in Dodging
 14587 | D:13     | Noticed Rupert
 14607 | D:13     | Killed Rupert
 14609 | D:13     | Reached skill level 15 in Axes
 14896 | Lair:1   | Entered Level 1 of the Lair of Beasts
 14927 | Lair:1   | Reached skill level 10 in Invocations
 15667 | Lair:2   | Reached skill level 11 in Fighting
 16111 | Lair:2   | Reached ***** piety under Makhleb
 16177 | Lair:2   | Noticed a four-headed hydra
 16184 | Lair:2   | Killed a two-headed hydra
 16199 | Lair:2   | Noticed a four-headed hydra
 16206 | Lair:2   | Killed a one-headed hydra
 16206 | Lair:2   | Reached XP level 13. HP: 116/116 MP: 19/19
 16623 | Lair:3   | Found a staircase to the Shoals.
 16825 | Lair:3   | Found a hole to the Spider Nest.
 17603 | Lair:4   | Reached skill level 11 in Invocations
 17875 | Lair:5   | Found a dark tunnel.
 17911 | Lair:5   | Reached skill level 16 in Axes
 17922 | Lair:5   | HP: 3/116 [death yak (20)]
 17922 | Lair:5   | Slain by a death yak

Skill      XL: |  1  2  3  4  5  6  7  8  9 10 11 12 13 |
---------------+----------------------------------------+-----
Armour         | 1 2 3 4 6 7 8 |  8.0
Axes           | 4 5 6 8 10 11 12 13 15 16 | 16.0
Fighting       | 3 4 5 6 7 8 10 11 | 11.5
Dodging        | 4 5 6 7 8 9 10 | 10.8
Invocations    | 3 6 8 10 11 | 11.1
Throwing       | |  2.0

Action                   |  1- 3 |  4- 6 |  7- 9 | 10-12 | 13-15 || total
-------------------------+-------+-------+-------+-------+-------++-------
Melee: War axe           |    79 |   123 |   250 |   704 |       ||  1156
       Headbutt          |     8 |    20 |    56 |   162 |    31 ||   277
       Battleaxe         |       |       |       |    97 |   117 ||   214
Throw: Throwing net      |       |       |       |     1 |       ||     1
Invok: Lesser Servant of |       |       |       |     3 |       ||     3
Evoke: Wand              |       |       |     2 |    14 |       ||    16
  Use: Potion            |       |       |     6 |     8 |       ||    14
       Scroll            |       |       |    11 |    16 |       ||    27
 Stab: Confused          |       |       |       |     2 |       ||     2
       Invisible         |       |       |       |    12 |       ||    12
       Distracted        |       |       |       |     1 |       ||     1
  Eat: Chunk             |     2 |     4 |    30 |    33 |     5 ||    74
Armor: Leather armour    |    15 |       |       |       |       ||    15
       Troll leather arm |     9 |       |     7 |       |       ||    16
       Ring mail         |       |    30 |    45 |   251 |    42 ||   368
       Skin              |       |       |    14 |    82 |       ||    96
Dodge: Dodged            |    74 |    78 |   154 |   587 |   114 ||  1007
